 Dungeon Crawl Stone Soup version 0.14-a0-2091-gca92d1a (webtiles) character file.

177 HollowCharge the Skirmisher (level 4, 0/40 HPs)
             Began as a Draconian Fighter on Jan 25, 2014.
             Killed from afar by Dowan (1 damage)
             ... with a puff of frost
             ... on Level 4 of the Dungeon.
             The game lasted 00:11:19 (2566 turns).

HollowCharge the Skirmisher (Draconian Fighter)     Turns: 2566, Time: 00:11:20

HP   0/40        AC  7     Str 18      XL: 4   Next: 60%
MP   4/4         EV 10     Int  9      God:
Gold 68          SH 18     Dex 11      Spells:  0 memorised,  3 levels left

rFire  . . .     SeeInvis .     a - +0 falchion
rCold  . . .     Clarity  .     (armour unavailable)
rNeg   . . .     Conserve .     c - +0 shield
rPois  .         rCorr    .     (helmet restricted)
rElec  .         rRot     .     (no cloak)
SustAb . .       Spirit   .     b - +0 pair of gloves
rMut   .         Warding  .     d - +0 pair of boots
Saprov . . .     Stasis   .     (no amulet)
MR     .....                    (no ring)
                                (no ring)

@: glowing, not resistant to hostile enchantments, very unstealthy
A: unfitting armour, AC +5
a: no special abilities


You were on level 4 of the Dungeon.
You were not hungry.

You visited 1 branch of the dungeon, and saw 4 of its levels.

You collected 68 gold pieces.

Inventory:

Hand weapons
 a - a +0,+0 falchion (weapon)
 q - a +0,+0 falchion
Armour
 b - a +0 pair of gloves (worn)
 c - a +0 shield (worn)
 d - a +0 pair of boots (worn)
Magical devices
 l - a wand of polymorph (0)
Comestibles
 f - 3 bread rations
 g - 3 meat rations
 z - a rotting chunk of rat flesh
 A - 3 rotting chunks of orc flesh
 B - 2 chunks of quokka flesh
Scrolls
 i - a scroll of recharging {unknown}
 m - a scroll of fear {unknown}
 n - 2 scrolls of enchant armour {unknown}
 r - a scroll of identify {unknown}
 v - 2 scrolls of blinking {unknown}
Jewellery
 e - an uncursed ring of sustain abilities {unknown}
 p - a cursed ring of hunger {unknown}
 s - an uncursed ring of protection from magic {unknown}
 t - an uncursed ring of poison resistance {unknown}
Potions
 h - 3 potions of heal wounds {unknown}
 j - 3 potions of curing {unknown}
 k - a potion of might {unknown}
 o - 2 potions of paralysis {unknown}
 w - a potion of berserk rage {unknown}
 x - a potion of poison {unknown}


   Skills:
 + Level 3.8 Fighting
 * Level 3.4 Long Blades
 + Level 3.2 Dodging
 + Level 3.6 Shields


You had 3 spell levels left.
You didn't know any spells.

Dungeon Overview and Level Annotations

Branches:
Dungeon (4/16)
 Temple: D:4-7

Altars:
Sif Muna

Annotations:
D:4 Dowan, Duvessa, Pikel


Message History

* * * LOW HITPOINT WARNING * * *
You block Duvessa's attack.
You closely miss Duvessa.
Duvessa is severely wounded.
Duvessa hits you with an elven short sword.
* * * LOW HITPOINT WARNING * * *
Dowan hits you with an elven dagger.
* * * LOW HITPOINT WARNING * * *
You block Duvessa's attack.
You hit Duvessa.
You tail-slap Duvessa, but do no damage.
Duvessa is severely wounded.
Dowan hits you but does no damage. You block Duvessa's attack.
Dowan hits you but does no damage. Duvessa hits you but does no damage.
You barely miss Duvessa.
Duvessa is severely wounded.
Duvessa completely misses you. Dowan casts a spell at you.
The puff of frost hits you!
You die...

. #. #.#####
##.....####
.........#
.#####........#
............. ..
#........##'#####...
#..?>....e@e........
#........##......)...
........###.....###
........# #.##..#
.....#+## #.# ....
.... ###.# #.# .(
+...# . ##..# .. #..#


You could see Duvessa and Dowan.

Vanquished Creatures
  Terence (D:2)
  An adder (D:2)
  2 worms
  3 giant geckos
  An ooze (D:1)
  An orc (D:3)
  5 giant cockroaches
  10 goblins
  12 hobgoblins
  5 kobolds
  2 quokkas
  A ball python (D:2)
  7 bats
  6 giant newts
  3 jackals (D:2)
  9 rats
69 creatures vanquished.

Notes
Turn   | Place    | Note
--------------------------------------------------------------
     0 | D:1      | HollowCharge, the Draconian Fighter, began the quest for the Orb.
     0 | D:1      | Reached XP level 1. HP: 19/19 MP: 1/1
    67 | D:1      | Reached XP level 2. HP: 17/26 MP: 2/2
   680 | D:2      | Reached XP level 3. HP: 31/31 MP: 3/3
  1041 | D:2      | HP: 1/31 [worm (12)]
  1436 | D:2      | Noticed Terence
  1473 | D:2      | Killed Terence
  1473 | D:2      | Reached XP level 4. HP: 39/39 MP: 4/4
  2082 | D:3      | Found a deep blue altar of Sif Muna.
  2442 | D:4      | Noticed Pikel
  2442 | D:4      | Noticed a slave
  2443 | D:4      | Noticed a slave
  2443 | D:4      | Noticed a slave
  2444 | D:4      | Noticed a slave
  2543 | D:4      | Noticed Dowan
  2545 | D:4      | Noticed Duvessa
  2564 | D:4      | HP: 1/40 [Dowan/elven dagger (2)]
  2566 | D:4      | Killed from afar by Dowan

Action                   |  1- 3 |  4- 6 || total
-------------------------+-------+-------++-------
Melee: Falchion          |   182 |   100 ||   282
  Use: Scroll            |       |     4 ||     4
